AoeStats
← MJP

Northern Isles

510292618Analyzed
1v1 RM · 1d ago on Sep 30, 2026· 16m 23s· 2 players
Game mode
Random Map
Map size
Tiny (2 player)
Population
200
Speed
Normal
Resources
Standard
Victory
Conquest
Starting age
Dark Age
Ending age
Imperial Age
RankedLock teamsTeams togetherTeam positionsShared explorationLock speedFull tech treeHidden civsTurbo modeCheats
Victory
Defeat
🇦🇹 Japanese · Austria
845
+16
🇨🇳 Malay · China
850
-16
MJP
11:17 Feudal Age
15:13 Castle Age
3241167907
11:19 Feudal Age
11:39 Double-Bit Axe
12:14 Fishing Lines
14:29 Loom
15:22 Wheelbarrow
15:22 Horse Collar
Connection lost

Rejoining the realm…

Still unreachable

The connection could not be restored.

Session expired

The server has moved on; the page needs a fresh start.